 Dungeon Crawl Stone Soup version 0.31.0-12-g77e489cdc1 (webtiles) character file.

Game seed: 14983227485679923121

121 Bobsterar the Changeling (level 5, -1/34 HPs)
             Began as an Octopode Shapeshifter on Mar 7, 2024.
             Killed from afar by Ijyb (10 damage)
             ... with a puff of flame
             ... on level 3 of the Dungeon.
             The game lasted 00:05:03 (1913 turns).

Bobsterar the Changeling (Octopode Shapeshifter)    Turns: 1913, Time: 00:05:04

Health: -1/34      AC:  1    Str: 16    XL:     5   Next: 5%
Magic:  6/6        EV: 13    Int: 12    God:
Gold:   99         SH:  0    Dex: 11    Spells: 6/6 levels left

rFire   . . .        d - +0 spear
rCold   . . .        g - orb {mayhem}
rNeg    . . .        (helmet currently unavailable)
rPois   .            (no amulet)
rElec   .            (no ring)
rCorr   .            (no ring)
SInv    .            (no ring)
Will    .....        (no ring)
Stlth   +++          (no ring)
HPRegen 0.25/turn    (no ring)
MPRegen 0.10/turn    (no ring)
                     (no ring)

%: mayhem
@: beast-form
A: beast (slay +2), almost no armour, amphibious, 8 rings, camouflage 1,
gelatinous body 1, (nimble swimmer 1), tentacles
a: Begin Untransformation


You were on level 3 of the Dungeon.
You were a hulking beast.
You visited 1 branch of the dungeon, and saw 3 of its levels.

You collected 99 gold pieces.

Inventory:

Hand Weapons
 d - a +0 spear (weapon)
 e - a +0 dagger
Armour
 g - an orb of mayhem (worn)
Magical Staves
 f - a staff of death
Talismans
 b - a beast talisman (active)
 c - a flux talisman
Scrolls
 j - a scroll of teleportation
 l - a scroll of fear
 m - a scroll of noise
 n - a scroll of torment
Potions
 h - a potion of heal wounds {unknown}
 k - a potion of cancellation {unknown}


   Skills:
 + Level 2.0 Fighting
 + Level 2.5 Dodging
 + Level 1.8 Stealth
 + Level 3.5 Unarmed Combat
 + Level 1.0 Spellcasting
 * Level 3.8 Shapeshifting


You had 6 spell levels left.
You didn't know any spells.
Your spell library contained the following spells:

 Spells                   Type           Power      Damage    Failure   Level
 Scorch                   Fire           0%         2d5       41%         2
 Flame Wave               Conj/Fire      0%         2d4       96%         4
 Summon Cactus Giant      Summ           0%         N/A       100%        6


Dungeon Overview and Level Annotations

Branches:
Dungeon (3/15)

Altars:
Gozag
Nemelex Xobeh

Annotations:
D:3 Ijyb


Innate Abilities, Weirdness & Mutations

You are a hulking beast.
Your limbs bulge with bestial killing power. (Slay +2)
You cannot wear most types of armour.
You are amphibious.
You can wear up to eight rings at the same time.
Your skin changes colour to match your surroundings (Stealth+).
Your rubbery body absorbs attacks. (AC +1, EV +1)
((You are camouflaged when in or above water. (Stealth+)))
You have tentacles for arms and can constrict up to eight enemies at once.


Message History

Ijyb hits you but does no damage.
You closely miss Ijyb.
Ijyb is moderately wounded.
Ijyb hits you but does no damage.
You hit Ijyb but do no damage.
Ijyb is moderately wounded.
Ijyb zaps a wand.
The puff of flame hits you.
* * * LOW HITPOINT WARNING * * *
You closely miss Ijyb.
Ijyb is moderately wounded.
Ijyb barely misses you.
You hit Ijyb but do no damage.
Ijyb is moderately wounded.
Your transformation is almost over.
Ijyb hits you but does no damage.
You barely miss Ijyb.
Ijyb is moderately wounded.
Ijyb hits you but does no damage.
You hit Ijyb but do no damage.
Ijyb is moderately wounded.
Ijyb hits you but does no damage.
You hit Ijyb but do no damage.
Ijyb is moderately wounded.
Ijyb zaps a wand.
The puff of flame hits you but does no damage.
You closely miss Ijyb.
Ijyb is moderately wounded.
Ijyb hits you but does no damage.
Ijyb zaps a wand.
The puff of flame hits you but does no damage.
You closely miss Ijyb.
Ijyb is moderately wounded.
Ijyb hits you but does no damage.
You barely miss Ijyb.
Ijyb is moderately wounded.
Ijyb hits you but does no damage.
You miss Ijyb.
Ijyb is moderately wounded.
You feel less wooden.
You turn into a hulking beast.
Ijyb zaps a wand.
The puff of flame hits you!
You die...

#.# #.#.# #. #.# #.#.# #.
#.# #.#.# #. #.###.#.# #.
###########'#...#.# #. #
#.............###.# #.
8$.#.............# #.# #.
_.$.$.$.....%....# #.# #.
$.#..)gh........# #.# ##
#.........)...###.#
....#######......†.#'####
... #........##....... ..
#.................
..................
#........#.##+####
#........#.. #...
#........#### #...


You could see Ijyb.

Vanquished Creatures
  Natasha (D:2)
  4 gnolls (D:3)
  A ribbon worm (D:2)
  An orc (D:3)
  2 ball pythons (D:2)
  5 endoplasms
  3 giant cockroaches
  5 hobgoblins
  5 kobolds
  3 quokkas
  5 bats
  4 frilled lizards
  9 goblins
  4 rats
52 creatures vanquished.

Notes
Turn   | Place    | Note
-------+----------+-------------------------------------------
     0 | D:1      | Bobsterar the Octopode Shapeshifter began the quest for the
                  | Orb.
     0 | D:1      | Reached XP level 1. HP: 13/13 MP: 1/1
   221 | D:1      | Reached XP level 2. HP: 15/18 MP: 2/2
   712 | D:2      | Found a sparkling altar of Nemelex Xobeh.
   712 | D:2      | Noticed Natasha
   724 | D:2      | HP: 1/27 [cerulean imp/+2 spear[Natasha] (2)]
   725 | D:2      | Killed Natasha
   726 | D:2      | Reached skill level 1 in Stealth
   726 | D:2      | Reached XP level 3. HP: 2/23 MP: 3/3
   917 | D:2      | Reached XP level 4. HP: 29/29 MP: 4/4
  1869 | D:3      | Found an opulent altar of Gozag.
  1871 | D:3      | Reached skill level 1 in Spellcasting
  1872 | D:3      | Noticed Ijyb
  1873 | D:3      | Reached XP level 5. HP: 25/34 MP: 6/6
  1913 | D:3      | Killed from afar by Ijyb

Illustrated notes

Levels and vault maps discovered:
D:1:      matt_arrival_refuge, layout_rooms
D:2:      layout_loops_ring, basic_altar, uniq_natasha
D:3:      layout_basic, grunt_gozag_breadcrumbs, uniq_ijyb

Skill      XL: |  1  2  3  4 |
---------------+-------------+-----
Stealth        | 1 |  1.8
Fighting       | 2 |  2.0
Spellcasting   | 1 |  1.0
Dodging        | |  2.5
Unarmed Combat | |  3.5
Shapeshifting  | |  3.8

Action                     |  1- 3 |  4- 6 || total
---------------------------+-------+-------++-------
  Melee: Unarmed           |    11 |       ||    11
         Spear             |    54 |    80 ||   134
         Constrict         |    16 |     7 ||    23
         Tentacles         |    11 |    10 ||    21
         Punch             |     1 |     2 ||     3
    Use: Potion            |     1 |     1 ||     2
         Scroll            |       |     4 ||     4
   Stab: Sleeping          |     4 |     8 ||    12
         Distracted        |       |     1 ||     1
 Armour: Skin              |    42 |    45 ||    87
  Dodge: Dodged            |    28 |    17 ||    45
   Form: Beast             |     1 |       ||     1
